MLB
TEXAS RANGERS @ HOUSTON ASTROS
03/07/2099
 
TOP OF THE 1ST
Texas Rangers batting - Pitching for Houston Astros : RHP Mark Gaither
Pitching: RHP Mark Gaither
Batting: SHB Luis Chavez 0-0: Foul Ball, location: 7LMF
0-1: Ball
1-1: DOUBLE (Line Drive, 7LM, EV 98.1 MPH)
Batting: RHB Chris Patrick 0-0: SINGLE (Groundball, 56D, EV 102.5 MPH)
Luis Chavez to third
Runner from 3rd tries for Home, SAFE, throw by LF to home
Batting: LHB Simeone DeVito 0-0: Ball
1-0: Foul Ball, location: 7LSF
1-1: Ball
2-1: Called Strike
2-2: Ball
3-2: SINGLE (Line Drive, 9S, EV 108.1 MPH)
Chris Patrick to second
Batting: RHB Kevin Hock 0-0: Called Strike
0-1: Swinging Strike
0-2: SINGLE (Line Drive, 78S, EV 89.4 MPH)
Chris Patrick to third
Simeone DeVito to second
Batting: LHB Charlie Gagne 0-0: Called Strike
0-1: Ball
1-1: Foul Ball, location: 2F
1-2: Fielders Choice at 2nd, 3-6 (Groundball, 34, EV 83.8 MPH)
Chris Patrick scores
Simeone DeVito to third
Batting: RHB Travis Huffman 0-0: Called Strike
0-1: Foul Ball, location: 9LDF
0-2: Ball
1-2: Strikes out swinging
Batting: RHB Josh Mehl 0-0: Ball
1-0: Called Strike
1-1: Ball
2-1: Ball
3-1: Base on Balls
Charlie Gagne to second
Batting: LHB Scott Spencer 0-0: Ball
1-0: Called Strike
1-1: Ball
2-1: Ball
3-1: Ground out 5-3 (Groundball, 56S, EV 76.3 MPH)
Top of the 1st over - 2 runs, 4 hits, 0 errors, 3 left on base; Texas 2 - Houston 0
BOTTOM OF THE 1ST
Houston Astros batting - Pitching for Texas Rangers : RHP Imre Wenner
Pitching: RHP Imre Wenner
Batting: RHB Miguel Santillano 0-0: Foul Ball, location: 3FF
0-1: Fly out, F8 (Flyball, 89M, EV 89.4 MPH)
Batting: LHB Zack Baize 0-0: SINGLE (Line Drive, 89M, EV 103.8 MPH)
Batting: RHB Jeff Cinnamon 0-0: Foul Ball, location: 9LDF
0-1: Foul Ball, location: 7LDF
0-2: Foul Ball, location: 2F
0-2: Strikes out looking
Batting: LHB Alex Perez 0-0: Called Strike
0-1: Ball
1-1: Foul Ball, location: 2F
1-2: Strikes out swinging
Bottom of the 1st over - 0 runs, 1 hit, 0 errors, 1 left on base; Texas 2 - Houston 0
TOP OF THE 2ND
Texas Rangers batting - Pitching for Houston Astros : RHP Mark Gaither
Batting: RHB Raul Camacho 0-0: Ball
1-0: Called Strike
1-1: Ball
2-1: Called Strike
2-2: Strikes out looking
Batting: SHB Luis Chavez 0-0: Ball
1-0: Ball
2-0: Fly out, F7 (Flyball, 7, EV 100.0 MPH)
Batting: RHB Chris Patrick 0-0: Ball
1-0: Fly out, F8 (Flyball, 8LXD, EV 104.4 MPH)
Top of the 2nd over - 0 runs, 0 hits, 0 errors, 0 left on base; Texas 2 - Houston 0
BOTTOM OF THE 2ND
Houston Astros batting - Pitching for Texas Rangers : RHP Imre Wenner
Batting: RHB Del Bannerman 0-0: Swinging Strike
0-1: Called Strike
0-2: Ball
1-2: Strikes out swinging
Batting: LHB Eddy Miramontes 0-0: Ball
1-0: Ball
2-0: Ball
3-0: Called Strike
3-1: Base on Balls
Batting: RHB Frank Kelsay 0-0: Foul Ball, location: 2F
0-1: Grounds into double play, 5-4-3 (Groundball, 56, EV 105.6 MPH)
Bottom of the 2nd over - 0 runs, 0 hits, 0 errors, 0 left on base; Texas 2 - Houston 0
TOP OF THE 3RD
Texas Rangers batting - Pitching for Houston Astros : RHP Mark Gaither
Batting: LHB Simeone DeVito 0-0: Ball
1-0: Ground out U3 (Groundball, 3L, EV 100.0 MPH)
Batting: RHB Kevin Hock 0-0: Ball
1-0: SINGLE (Groundball, 56D, EV 95.6 MPH)
Batting: LHB Charlie Gagne 0-0: Ball
1-0: Ball
2-0: Ball
3-0: Called Strike
3-1: Fly out, F7 (Line Drive, 78M, EV 99.4 MPH)
Batting: RHB Travis Huffman 0-0: Ball
1-0: Called Strike
1-1: Ball
2-1: Foul Ball, location: 9LMF
2-2: Ball
3-2: Strikes out swinging
Top of the 3rd over - 0 runs, 1 hit, 0 errors, 1 left on base; Texas 2 - Houston 0
BOTTOM OF THE 3RD
Houston Astros batting - Pitching for Texas Rangers : RHP Imre Wenner
Batting: RHB Erik Ellsworth 0-0: Swinging Strike
0-1: Called Strike
0-2: Ball
1-2: Fly out, F7 (Flyball, 7, EV 95.0 MPH)
Batting: RHB Manchu Hu 0-0: Ball
1-0: Ball
2-0: Called Strike
2-1: Called Strike
2-2: Strikes out swinging
Batting: RHB Miguel Santillano 0-0: Ball
1-0: Called Strike
1-1: Swinging Strike
1-2: Strikes out swinging
Bottom of the 3rd over - 0 runs, 0 hits, 0 errors, 0 left on base; Texas 2 - Houston 0
TOP OF THE 4TH
Texas Rangers batting - Pitching for Houston Astros : RHP Mark Gaither
Batting: RHB Josh Mehl 0-0: Ball
1-0: Foul Ball, location: 2F
1-1: Called Strike
1-2: Ground out 6-3 (Groundball, 6, EV 76.9 MPH)
Batting: LHB Scott Spencer 0-0: Foul Ball, location: 2RF
0-1: Foul Ball, location: 2F
0-2: Foul Ball, location: 9LDF
0-2: Foul Ball, location: 2F
0-2: Foul Ball, location: 7LSFF
0-2: SINGLE (Line Drive, 9S, EV 88.1 MPH)
Batting: RHB Raul Camacho 0-0: Foul Ball, location: 2F
0-1: Ball
1-1: Grounds into double play, 5-4-3 (Groundball, 56, EV 92.5 MPH)
Top of the 4th over - 0 runs, 1 hit, 0 errors, 0 left on base; Texas 2 - Houston 0
BOTTOM OF THE 4TH
Houston Astros batting - Pitching for Texas Rangers : RHP Imre Wenner
Batting: LHB Zack Baize 0-0: Ball
1-0: Foul Ball, location: 3FF
1-1: Called Strike
1-2: Foul Ball, location: 2F
1-2: Ball
2-2: Fly out, F8 (Flyball, 8RM, EV 91.9 MPH)
Batting: RHB Jeff Cinnamon 0-0: Called Strike
0-1: Called Strike
0-2: Ball
1-2: Foul Ball, location: 9LMF
1-2: Foul Ball, location: 5F
1-2: Ball
2-2: Ground out 4-3 (Groundball, 4, EV 88.1 MPH)
Batting: LHB Alex Perez 0-0: Foul Ball, location: 25FF
0-1: Called Strike
0-2: Strikes out swinging
Bottom of the 4th over - 0 runs, 0 hits, 0 errors, 0 left on base; Texas 2 - Houston 0
TOP OF THE 5TH
Texas Rangers batting - Pitching for Houston Astros : RHP Mark Gaither
Pitching: RHP Vince Geiger
Now at 1B: Matt Carocci
Now in LF: Bret Payne
Pinch Hitting: LHB Nick Gunnels 0-0: Called Strike
0-1: Ball
1-1: Called Strike
1-2: Ball
2-2: Strikes out swinging
Pinch Hitting: LHB Justin Marcus 0-0: Ball
1-0: Foul Ball, location: 5DF
1-1: Ball
2-1: SINGLE (Groundball, 34D, EV 99.4 MPH)
Batting: LHB Simeone DeVito 0-0: Foul Ball, location: 2F
0-1: Swinging Strike
0-2: Strikes out swinging
Pinch Hitting: RHB Jose Cano 0-0: TRIPLE (Flyball, 89XD, EV 97.5 MPH)
Justin Marcus scores
Batting: LHB Charlie Gagne 0-0: Ball
1-0: Ground out 1-3 (Groundball, 13S, EV 67.5 MPH)
Top of the 5th over - 1 run, 2 hits, 0 errors, 1 left on base; Texas 3 - Houston 0
BOTTOM OF THE 5TH
Houston Astros batting - Pitching for Texas Rangers : RHP Imre Wenner
Now in LF: Marquis Newkirk
Now in CF: Jose Cano
Now in RF: Justin Marcus
Batting: RHB Del Bannerman 0-0: Called Strike
0-1: Swinging Strike
0-2: Strikes out swinging
Batting: LHB Eddy Miramontes 0-0: Ground out 4-3 (Groundball, 4, EV 87.5 MPH)
Batting: RHB Frank Kelsay 0-0: Foul Ball, location: 5SF
0-1: Ball
1-1: Swinging Strike
1-2: Ground out 5-3 (Groundball, 15, EV 86.9 MPH)
Bottom of the 5th over - 0 runs, 0 hits, 0 errors, 0 left on base; Texas 3 - Houston 0
TOP OF THE 6TH
Texas Rangers batting - Pitching for Houston Astros : RHP Vince Geiger
Pitching: RHP John Morseth
Now at 3B: Chase Bavaro
Now in LF: Bobby Johnson
Now in CF: Bret Payne
Pinch Hitting: LHB Chris Temple 0-0: Called Strike
0-1: Ground out 1-3 (Groundball, 13S, EV 75.0 MPH)
Pinch Hitting: RHB Jason Hartel 0-0: Ball
1-0: Ball
2-0: Called Strike
2-1: Called Strike
2-2: Ball
3-2: Ground out 6-3 (Groundball, 6, EV 89.4 MPH)
Pinch Hitting: RHB Victor Luna 0-0: Ball
1-0: Ball
2-0: Ball
3-0: Base on Balls
Batting: RHB Raul Camacho 0-0: Ball
1-0: Foul Ball, location: 2RF
1-1: Fly out, F3 (Popup, 3F, EV 67.5 MPH)
Top of the 6th over - 0 runs, 0 hits, 0 errors, 1 left on base; Texas 3 - Houston 0
BOTTOM OF THE 6TH
Houston Astros batting - Pitching for Texas Rangers : RHP Imre Wenner
Now at 1B: Tyler Petry
Now at 2B: Jason Hartel
Now at 3B: Chris Temple
Now at SS: Victor Luna
Batting: RHB Erik Ellsworth 0-0: Ball
1-0: Called Strike
1-1: Ground out 2-3 (Groundball, 15S, EV 73.8 MPH)
Batting: RHB Manchu Hu 0-0: Ball
1-0: Called Strike
1-1: Ball
2-1: Foul Ball, location: 2F
2-2: Ball
3-2: Ground out 5-3 (Groundball, 15, EV 83.8 MPH)
Batting: LHB Bobby Johnson 0-0: Foul Ball, location: 2RF
0-1: Ball
1-1: Fly out, F9 (Line Drive, 89M, EV 96.9 MPH)
Bottom of the 6th over - 0 runs, 0 hits, 0 errors, 0 left on base; Texas 3 - Houston 0
TOP OF THE 7TH
Texas Rangers batting - Pitching for Houston Astros : RHP John Morseth
Pitching: RHP Josh Ferrier
Now at 2B: Justin Haug
Now at SS: Del Bannerman
Batting: LHB Marquis Newkirk 0-0: Called Strike
0-1: Ball
1-1: DOUBLE (Line Drive, 7LM, EV 103.8 MPH)
Batting: LHB Justin Marcus 0-0: Ball
1-0: Called Strike
1-1: SINGLE (Line Drive, 9S, EV 105.6 MPH)
Marquis Newkirk to third
Batting: LHB Tyler Petry 0-0: Called Strike
0-1: Foul Ball, location: 2F
0-2: Ball
1-2: Ball
2-2: SINGLE (Line Drive, 9LM, EV 106.9 MPH)
Marquis Newkirk scores
Justin Marcus to second
Batting: RHB Jose Cano 0-0: Called Strike
0-1: Foul Ball, location: 9LDF
0-2: SINGLE (Groundball, 6, EV 93.1 MPH) (infield hit)
Justin Marcus to third
Tyler Petry to second
Batting: LHB Charlie Gagne 0-0: Ball
1-0: Swinging Strike
1-1: Grounds into fielders choice 3-2 (Groundball, 3L, EV 81.9 MPH)
Tyler Petry to third
Jose Cano to second
Batting: LHB Chris Temple 0-0: Ball
1-0: Ball
2-0: Foul Ball, location: 3FF
2-1: Ball
3-1: Fly out, F3 (Line Drive, 3L, EV 68.8 MPH)
Lined into DP, 3-5 (Line Drive, 3L, EV 68.8 MPH)
Top of the 7th over - 1 run, 4 hits, 0 errors, 2 left on base; Texas 4 - Houston 0
BOTTOM OF THE 7TH
Houston Astros batting - Pitching for Texas Rangers : RHP Imre Wenner
Pitching: RHP Tim Morrow
Batting: RHB Matt Carocci 0-0: Ball
1-0: Called Strike
1-1: Called Strike
1-2: Fly out, F8 (Flyball, 78D, EV 93.1 MPH)
Pinch Hitting: RHB Travis Braga 0-0: Ground out 5-3 (Groundball, 56S, EV 93.1 MPH)
Batting: RHB Bret Payne 0-0: Fly out, F7 (Line Drive, 7, EV 91.3 MPH)
Bottom of the 7th over - 0 runs, 0 hits, 0 errors, 0 left on base; Texas 4 - Houston 0
TOP OF THE 8TH
Texas Rangers batting - Pitching for Houston Astros : RHP Josh Ferrier
Now in LF: Travis Braga
Now in RF: Bobby Johnson
Batting: RHB Jason Hartel 0-0: Foul Ball, location: 9LMF
0-1: Swinging Strike
0-2: Ball
1-2: Strikes out looking
Batting: RHB Victor Luna 0-0: Foul Ball, location: 7LDF
0-1: Foul Ball, location: 25F
0-2: Ball
1-2: Strikes out swinging
Batting: RHB Raul Camacho 0-0: Ball
1-0: Ball
2-0: Ball
3-0: Base on Balls
Pitching: LHP Kihachi Okuhara
Batting: LHB Marquis Newkirk 0-0: Ball
1-0: Fielders Choice at 2nd, 6-4 (Groundball, 6, EV 86.3 MPH)
Top of the 8th over - 0 runs, 0 hits, 0 errors, 1 left on base; Texas 4 - Houston 0
BOTTOM OF THE 8TH
Houston Astros batting - Pitching for Texas Rangers : RHP Tim Morrow
Pitching: LHP Randy Cona
Batting: RHB Del Bannerman 0-0: Swinging Strike
0-1: SINGLE (Line Drive, 56, EV 105.6 MPH)
Batting: RHB Aaron McNelley 0-0: Swinging Strike
0-1: Called Strike
0-2: Foul Ball, location: 2F
0-2: SINGLE (Line Drive, 56D, EV 106.9 MPH)
Del Bannerman to second
Batting: RHB Chase Bavaro 0-0: Grounds into double play, 6-4-3 (Groundball, 6, EV 83.8 MPH)
Del Bannerman to third
Batting: RHB Justin Haug 0-0: Swinging Strike
0-1: Ball
1-1: SINGLE (Groundball, 56S, EV 66.3 MPH) (infield hit)
Del Bannerman scores
Batting: RHB Manchu Hu 0-0: Ball
1-0: Swinging Strike
1-1: Foul Ball, location: 25F
1-2: Strikes out looking
Bottom of the 8th over - 1 run, 3 hits, 0 errors, 1 left on base; Texas 4 - Houston 1
TOP OF THE 9TH
Texas Rangers batting - Pitching for Houston Astros : LHP Kihachi Okuhara
Batting: LHB Justin Marcus 0-0: Called Strike
0-1: Ball
1-1: Ball
2-1: Foul Ball, location: 2F
2-2: Strikes out looking
Batting: LHB Tyler Petry 0-0: Foul Ball, location: 7LSF
0-1: Ground out U3 (Groundball, 3, EV 88.1 MPH)
Batting: RHB Jose Cano 0-0: Called Strike
0-1: Called Strike
0-2: Ball
1-2: Strikes out swinging
Top of the 9th over - 0 runs, 0 hits, 0 errors, 0 left on base; Texas 4 - Houston 1
BOTTOM OF THE 9TH
Houston Astros batting - Pitching for Texas Rangers : LHP Randy Cona
Pitching: RHP Arturo Segura
Batting: LHB Bobby Johnson 0-0: Ball
1-0: SINGLE (Flyball, 7S, EV 98.8 MPH)
Batting: RHB Matt Carocci 0-0: Fly out, F8 (Flyball, 8RD, EV 101.3 MPH)
Batting: RHB Travis Braga 0-0: Called Strike
0-1: Ball
1-1: Ball
2-1: Ball
3-1: Fly out, F4 (Popup, 3, EV 65.6 MPH)
Pinch Hitting: LHB Mike Palmer 0-0: Fly out, F8 (Flyball, 8RXD, EV 103.8 MPH)
Bottom of the 9th over - 0 runs, 1 hit, 0 errors, 1 left on base; Texas 4 - Houston 1
Tuesday, April 30th , 2024 - OOTP Baseball 24.11 Build 85